 Dungeon Crawl Stone Soup version 0.19-a0-607-g42021f0 (webtiles) character file.

76557 st0uf the Severer (level 16, 0/121 HPs)
             Began as a Formicid Fighter on June 12, 2016.
             Was a Follower of Uskayaw.
             Killed from afar by a starcursed mass (9 damage)
             ... with an accursed screaming
             ... on level 2 of the Abyss.
             The game lasted 02:55:45 (24446 turns).

st0uf the Severer (Formicid Fighter)               Turns: 24446, Time: 02:55:46

Health: 0/121      AC: 32    Str: 26    XL:     16   Next: 2%
Magic:  25/25      EV: 16    Int:  8    God:    Uskayaw [*.....]
Gold:   2312       SH: 21    Dex: 22    Spells: 0 memorised, 15 levels left

rFire  . . .     SeeInvis +     a - +4 war axe
rCold  . . .     Gourm    .     R - +12 chain mail "Roucifiga" {rPois Dex+4 Slay+3}
rNeg   + . .     Faith    .     W - +0 shield {AC+3}
rPois  +         Spirit   .     (helmet unavailable)
rElec  .         Dismiss  .     Q - +2 cloak {MR+}
rCorr  .         Reflect  +     i - +2 pair of gloves {archery}
SustAt .         Harm     .     (no boots)
MR     ++...                    U - +6 amulet of reflection
Stlth  ..........               d - ring of Fini {rPois Str+3 Dex+3}
                                X - ring of positive energy

@: very resistant to hostile enchantments, extremely unstealthy
A: permanent stasis, dig shafts and tunnels, four strong arms, antennae 3,
mutation resistance 1, subdued magic 1
a: Dig, Shaft Self, Stomp, Renounce Religion


You were on level 2 of the Abyss.
You worshipped Uskayaw.
Uskayaw was aware of your devotion.
You were hungry.

You visited 4 branches of the dungeon, and saw 21 of its levels.
You visited the Abyss 1 time.
You also visited: Labyrinth, Ossuary, Bailey and Volcano.

You collected 3328 gold pieces.
You spent 1016 gold pieces at shops.

Inventory:

Hand Weapons
 a - a +4 war axe (weapon)
 q - a +0 hunting sling
 O - the +5 hand axe "Ogre's Bane" {chop, +Fly rN+ Int+3}
   (You found it on level 14 of the Dungeon)

   It inflicts extra damage upon your enemies.
   It affects your intelligence (+3).
   It protects you from negative energy.
   It lets you fly.
Missiles
 p - 87 sling bullets
 s - 504 stones (quivered)
 L - 49 tomahawks of returning
Armour
 i - a +2 pair of gloves of archery (worn)
 t - the +4 shield of the Country {Str+4 Int-4 SInv Stlth+, unknown}
   (You found it on level 2 of the Abyss)

   It affects your strength (+4).
   It affects your intelligence (-4).
   It lets you see invisible.
   It makes you more stealthy.
 Q - a +2 cloak of magic resistance (worn)
 R - the +12 chain mail "Roucifiga" (worn) {rPois Dex+4 Slay+3}
   (You bought it in a shop on level 2 of the Orcish Mines)

   It affects your dexterity (+4).
   It affects your accuracy and damage with ranged weapons and melee attacks
   (+3).
   It protects you from poison.
 W - a +0 shield of protection (worn)
Jewellery
 b - a +5 ring of strength
 d - the ring of Fini (right hand) {rPois Str+3 Dex+3}
   (You bought it in a shop on level 11 of the Dungeon)

   [ring of poison resistance]

   It affects your strength (+3).
   It affects your dexterity (+3).
   It protects you from poison.
 u - the ring "Liosmaraagya" {*Tele Int+3}
   (You found it on level 12 of the Dungeon)

   [ring of teleportation]

   It may teleport you next to monsters.
   It affects your intelligence (+3).
 x - an uncursed ring of resist corrosion
 z - a +5 ring of evasion
 B - an uncursed ring of protection from fire
 G - an uncursed ring of ice
 U - a +6 amulet of reflection (around neck)
 X - a ring of positive energy (left hand)
Wands
 w - a wand of lightning (6/15)
 A - a wand of iceblast (5/15)
 E - a wand of digging (7/24)
 N - a wand of disintegration (6/24)
 S - a wand of teleportation (1/9)
 V - a wand of iceblast (0/15)
Scrolls
 j - 5 scrolls of remove curse
 l - a scroll of fear
 m - 3 scrolls of fog
 n - 7 scrolls of recharging
 v - 3 scrolls of noise {unknown}
 y - 4 scrolls of magic mapping
 I - 2 scrolls of amnesia
 J - a scroll of enchant armour
 Y - a scroll of identify
Potions
 e - a potion of beneficial mutation {unknown}
 g - 7 potions of lignification
 h - 6 potions of flight
 k - a potion of brilliance
 o - 3 potions of magic
 C - a potion of agility
 D - 5 potions of curing
 H - 2 potions of ambrosia
 K - 2 potions of heal wounds
 M - 3 potions of cure mutation
 P - 2 potions of might
Books
 r - a book of the Dragon

   Spells                             Type                      Level
   a - Flame Tongue                   Conjuration/Fire             1
   b - Cause Fear                     Hexes                        4
   c - Bolt of Fire                   Conjuration/Fire             6
   d - Dragon Form                    Transmutation                7
   e - Dragon's Call                  Summoning                    9
Miscellaneous
 T - a sack of spiders
Comestibles
 c - 2 meat rations
 f - 15 bread rations
 Z - a slice of pizza


   Skills:
 + Level 9.7 Fighting
 * Level 15.5 Axes
 + Level 8.0 Slings
 + Level 8.3 Armour
 + Level 9.2 Dodging
 + Level 13.2 Shields
 * Level 12.2 Invocations
 + Level 1.0 Evocations


You had 15 spell levels left.
You didn't know any spells.

Dungeon Overview and Level Annotations

Branches:
Dungeon (15/15)            Temple (1/1) D:7            Lair (3/6) D:9
 Shoals (0/4) Lair:2        Snake (0/4) Lair:2          Orc (2/2) D:12
    Elf (0/3) Orc:2        Vaults (0/5) D:14
 Depths: D:15

Altars:
Ashenzari
Cheibriados
Dithmenos
Elyvilon
Fedhas
Gozag
Hepliaklqana
Kikubaaqudgha
Makhleb
Nemelex Xobeh
Okawaru
Pakellas
Qazlal
Ru
Sif Muna
Trog
Uskayaw
Vehumet
Xom
Yredelemnul
Zin
The Shining One
Beogh

Shops:
D:4 (   D:10 (   D:11 =(:   Orc:1 }   Orc:2 *[}%

Annotations:
D:15 Louise


Innate Abilities, Weirdness & Mutations

You are under a permanent stasis effect.
You can dig through walls and to a lower floor.
Your four strong arms can wield two-handed weapons with a shield.
You have a pair of large antennae on your head. (SInv)
You are somewhat resistant to further mutation.
Your spells are a little easier to cast, but a little less powerful.


Message History

* * * LOW HITPOINT WARNING * * *
A starcursed mass splits.
A chorus of shrieks assaults your mind.
* * * LOW HITPOINT WARNING * * *
A starcursed mass splits.
A starcursed mass splits.
Found a gateway leading deeper into the Abyss.
A smoke demon comes into view.
A starcursed mass splits.
A starcursed mass splits.
You feel your health improve.
A starcursed mass splits.
Found a wand of slowing.
Found a corrupted altar of Lugonu.
A chorus of shrieks assaults your mind.
* * * LOW HITPOINT WARNING * * *
A deafening chorus of shrieks assaults your mind!
* * * LOW HITPOINT WARNING * * *
Found 53 gold pieces.
A chorus of shrieks assaults your mind.
You die...

..###...#≈≈...
...#$....#≈♣.
..........≈≈
..................
>.................
.....#/... #._... ##....
#...###...## ..≈
#.....#.....#...@.#....
......................
..X ....................
.XX.....................
.#{....#....X#.....#....
## X{.###...###...###...
# {## ##X## ##.## #.# #
#..X###XX.## ...# .. .#.
...#X....#. ...#


You could see 4 starcursed masses.

Vanquished Creatures
  A tentacled starspawn (Abyss:2)
  Kirke (D:13)
  2 orc warlords
  The ghost of Emanloe the Peltast, a journeyman GrFi of Ru (Orc:2)
  Azrael (D:13)
  A minotaur (Lab)
  The ghost of Multipenetrator the Thaumaturge, a journeyman DEEn of Hepliaklqana (Lair:2)
  5 hydras
  4 centaur warriors
  A death knight (D:15)
  An ogre mage (D:14)
  A deep elf knight (D:14)
  Sonja (Lair:2)
  6 orc high priests
  5 skeletal warriors (D:13)
  4 hill giants
  A wizard (D:14)
  5 orc knights
  9 ugly things
  5 deep elf magi
  An oklob plant (Orc:2)
  An orc sorcerer (Orc:1)
  A griffon (Lair:2)
  2 cyclopes
  An octopode (shapeshifter) (D:14)
  A guardian serpent (D:9)
  A black mamba (Lair:3)
  4 spiny frogs
  Joseph (D:8)
  A molten gargoyle (Volcano)
  A smoke demon (Abyss:2)
  2 gargoyles
  2 kobold demonologists
  5 komodo dragons
  A hellwing (Abyss:2)
  An ancient zyme (Abyss:2)
  A freezing wraith (D:14)
  An efreet (D:14)
  The ghost of Amnesiac the Digger, a novice DEEE of Cheibriados (D:5)
  A queen bee (D:10)
  7 trolls
  4 two-headed ogres
  3 blink frogs (Lair:3)
  Sigmund (D:4)
  2 large abominations (Abyss:2)
  5 wraiths (D:15)
  3 shadows (Lab)
  2 wyverns
  A human (D:13)
  36 yaks
  4 fire elementals
  4 hogs (D:13)
  2 basilisks
  9 vampire mosquitoes (D:12)
  4 hungry ghosts
  A chaos spawn (Abyss:2)
  4 hippogriffs
  5 wargs (Orc:1)
  A hell hound (D:13)
  4 water moccasins
  4 porcupines
  2 black bears (D:10)
  47 orc warriors
  6 ice beasts
  5 phantoms
  15 ogres
  8 sky beasts
  6 wolves (Lair:3)
  21 centaurs
  6 crocodiles
  18 giant frogs
  8 big kobolds
  2 scorpions
  28 killer bees
  16 wights
  4 howler monkeys
  9 crimson imps
  A giant frog zombie (D:12)
  6 jellies
  3 centaur zombies
  A quasit (D:9)
  3 centaur skeletons
  27 orc priests
  8 hounds
  Crazy Yiuf (D:3)
  Natasha (thrice) (D:4)
  A giant frog skeleton (D:5)
  27 orc wizards
  8 iguanas
  14 worker ants
  22 sheep
  2 hound skeletons
  3 mummies (Ossuary)
  A howler monkey zombie (D:7)
  Robin (D:4)
  4 gnolls (D:8)
  A howler monkey skeleton (D:6)
  11 river rats
  11 adders
  5 shadow imps
  An ufetubus (Abyss:2)
  2 oozes
  4 adder zombies (Ossuary)
  2 worms
  An adder skeleton (D:5)
  4 dart slugs
  6 giant geckos
  112 orcs
  5 ball pythons
  7 bats
  5 giant cockroaches
  A gnoll zombie (Ossuary)
  11 goblins
  16 hobgoblins
  6 jackals
  3 quokkas
  7 giant newts
  6 goblin zombies
  3 hobgoblin zombies (Ossuary)
  A jackal skeleton (D:5)
  44 kobolds
  2 kobold zombies (Ossuary)
  2 quokka zombies (Ossuary)
  5 rats
  2 rat zombies
  A spectral orc (D:8)
  2 fire vortices (Volcano)
  3 plants (Lair:3)
  3 starspawn tentacles (Abyss:2)
824 creatures vanquished.

Vanquished Creatures (collateral kills)
  A water moccasin (Lair:2)
  A crocodile (Lair:2)
  A killer bee (D:10)
  An iguana (Lair:2)
4 creatures vanquished.

Vanquished Creatures (others)
  An eye of draining (D:14)
  6 centaurs
  7 kobolds
  7 fungi (Lair:3)
  3 plants
  2 starspawn tentacles (Abyss:2)
  4 starspawn tentacle segments (Abyss:2)
30 creatures vanquished.

Grand Total: 858 creatures vanquished

Notes
Turn   | Place    | Note
--------------------------------------------------------------
     0 | D:1      | st0uf the Formicid Fighter began the quest for the Orb.
     0 | D:1      | Reached XP level 1. HP: 18/18 MP: 1/1
   133 | D:1      | Reached XP level 2. HP: 17/24 MP: 2/2
   540 | D:2      | Reached XP level 3. HP: 24/29 MP: 3/3
   659 | D:2      | Reached skill level 1 in Dodging
   800 | D:2      | Found a white marble altar of Elyvilon.
  1119 | D:3      | Reached XP level 4. HP: 27/35 MP: 4/4
  1641 | D:3      | Noticed Crazy Yiuf
  1651 | D:3      | Killed Crazy Yiuf
  1651 | D:3      | Reached XP level 5. HP: 17/41 MP: 5/5
  1846 | D:4      | Found Giypnebb's Weapon Boutique.
  1876 | D:4      | Reached skill level 1 in Slings
  1950 | D:4      | Found a sand-covered staircase.
  1963 | Ossuary  | Entered an ossuary
  1971 | Ossuary  | Reached skill level 3 in Axes
  1980 | Ossuary  | Reached XP level 6. HP: 30/48 MP: 6/6
  2249 | D:4      | Noticed Sigmund
  2256 | D:4      | Noticed Natasha
  2541 | D:4      | Killed Natasha
  2578 | D:4      | Killed Sigmund
  2578 | D:4      | Reached skill level 4 in Axes
  2578 | D:4      | Reached skill level 5 in Shields
  2578 | D:4      | Reached XP level 7. HP: 12/54 MP: 7/7
  2584 | D:4      | Noticed Natasha
  2814 | D:4      | Killed Natasha
  2820 | D:4      | Noticed Natasha
  2825 | D:4      | Killed Natasha
  2937 | D:4      | Noticed Robin
  2973 | D:4      | Killed Robin
  3172 | D:5      | Entered Level 5 of the Dungeon
  3173 | D:5      | Noticed Amnesiac's ghost (novice DEEE)
  3193 | D:5      | Killed Amnesiac's ghost
  3193 | D:5      | Reached skill level 5 in Axes
  3193 | D:5      | Reached skill level 5 in Armour
  3193 | D:5      | Reached XP level 8. HP: 61/61 MP: 8/8
  3427 | D:5      | Found a hazy altar of Hepliaklqana.
  3698 | D:5      | Found a shadowy altar of Dithmenos.
  4369 | D:6      | Reached skill level 6 in Axes
  4369 | D:6      | Reached XP level 9. HP: 67/67 MP: 9/9
  4691 | D:6      | Reached skill level 5 in Fighting
  5345 | D:7      | Reached skill level 7 in Axes
  5381 | D:7      | Reached skill level 5 in Slings
  5422 | D:7      | Found a staircase to the Ecumenical Temple.
  5428 | Temple   | Entered the Ecumenical Temple
  5561 | Temple   | Became a worshipper of Uskayaw the Reveler
  5617 | D:7      | Reached * piety under Uskayaw
  6040 | D:7      | Reached ** piety under Uskayaw
  6051 | D:7      | Reached *** piety under Uskayaw
  6054 | D:7      | Reached **** piety under Uskayaw
  6301 | D:7      | You fall through a shaft for 3 floors!
  6301 | D:10     | Entered Level 10 of the Dungeon
  6307 | D:10     | Reached skill level 1 in Invocations
  6307 | D:10     | Reached XP level 10. HP: 67/74 MP: 9/11
  6353 | D:10     | Reached skill level 5 in Dodging
  6376 | D:10     | Reached skill level 8 in Axes
  7223 | D:10     | Found Killuf's Antique Weapon Boutique.
  7398 | D:9      | Found an ancient bone altar of Kikubaaqudgha.
  7398 | D:9      | Found a sacrificial altar of Ru.
  7398 | D:9      | Found an oddly glowing altar of Pakellas.
  7398 | D:9      | Found a shimmering altar of Xom.
  7700 | D:8      | Noticed Joseph
  7740 | D:8      | Reached ***** piety under Uskayaw
  7746 | D:8      | Reached ****** piety under Uskayaw
  7749 | D:8      | Killed Joseph
  7749 | D:8      | Reached XP level 11. HP: 53/81 MP: 12/14
  7751 | D:8      | Reached skill level 9 in Axes
  8202 | D:7      | Reached skill level 5 in Invocations
  8353 | D:8      | Found a bloodstained altar of Trog.
  8524 | D:8      | Found a basalt altar of Yredelemnul.
  8641 | D:9      | Found a radiant altar of Vehumet.
  8684 | D:9      | Found a staircase to the Lair.
  8741 | D:9      | Found a snail-covered altar of Cheibriados.
  9550 | Lair:1   | Entered Level 1 of the Lair of Beasts
  9550 | Lair:1   | Found a dark tunnel.
  9608 | Volcano  | Entered a volcano
  9821 | Volcano  | Reached skill level 10 in Axes
 10263 | D:10     | Noticed a hill giant
 10782 | D:11     | Found Metacw's Antique Weapon Emporium.
 10847 | D:11     | Noticed a hill giant
 10848 | D:11     | Noticed a cyclops
 10868 | D:11     | Killed a hill giant
 10868 | D:11     | Reached XP level 12. HP: 61/88 MP: 17/17
 11071 | D:11     | Found a glowing silver altar of Zin.
 11448 | D:11     | Found Subresana's Jewellery Shoppe.
 11456 | D:11     | Bought the ring of Fini {rPois Str+3 Dex+3} for 396 gold pieces
 11462 | D:11     | Found Ureu's Book Boutique.
 11951 | D:12     | Reached skill level 11 in Axes
 11957 | D:12     | Reached skill level 10 in Shields
 11991 | D:12     | Noticed a four-headed hydra
 12012 | D:12     | Killed a four-headed hydra
 12378 | D:12     | Found a staircase to the Orcish Mines.
 12495 | Orc:1    | Entered Level 1 of the Orcish Mines
 12661 | Orc:1    | Noticed an orc warlord
 14073 | Lair:2   | Noticed Multipenetrator's ghost (journeyman DEEn)
 14074 | Lair:2   | Found a labyrinth entrance.
 14098 | Lair:2   | Reached XP level 13. HP: 39/96 MP: 19/19
 14099 | Lair:2   | Killed Multipenetrator's ghost
 14111 | Lab      | Entered a labyrinth
 14679 | Lab      | Noticed a minotaur
 14698 | Lab      | Killed a minotaur
 14698 | Lab      | Reached skill level 12 in Axes
 14727 | Lab      | Identified Ynet's Papyrus of Bewitching Companions (You found it in a labyrinth)
 15034 | Lab      | Identified a +2 rod of inaccuracy (11/11) (You found it in a labyrinth)
 15097 | Lair:2   | Found a staircase to the Shoals.
 15099 | Lair:2   | Noticed Sonja
 15126 | Lair:2   | Killed Sonja
 15540 | Lair:2   | Found a staircase to the Snake Pit.
 16233 | Lair:3   | Noticed a five-headed hydra
 16245 | Lair:3   | Killed a five-headed hydra
 16443 | Lair:3   | Reached skill level 10 in Invocations
 16964 | Lair:3   | Noticed an eight-headed hydra
 17243 | D:12     | Killed an orc warlord
 17527 | D:12     | Found a deep blue altar of Sif Muna.
 17554 | D:12     | Identified Sif Muna's Collected Works on Attacks
 17607 | D:12     | Got a scorched iron ring
 17618 | D:12     | Identified the ring "Liosmaraagya" {*Tele Int+3} (You found it on level 12 of the Dungeon)
 17687 | D:12     | Reached XP level 14. HP: 58/104 MP: 21/21
 18314 | Orc:1    | Found a roughly hewn altar of Beogh.
 18438 | Orc:1    | Found Pemayczeo's Quality Used Wands.
 18855 | Orc:2    | Entered Level 2 of the Orcish Mines
 18869 | Orc:2    | Noticed Emanloe's ghost (journeyman GrFi)
 19411 | D:12     | Reached skill level 13 in Axes
 20469 | Orc:2    | Found Ifozaej's Antique Armour Shop.
 20469 | Orc:2    | Found Peizaehane's General Store.
 20470 | Orc:2    | Found Zusuraps's Gadget Boutique.
 20470 | Orc:2    | Found Ifiuca's Food Shop.
 20484 | Orc:2    | Bought a scroll of identify for 28 gold pieces
 20488 | Orc:2    | Bought a runed cloak for 144 gold pieces
 20488 | Orc:2    | Bought a twisted chain mail for 304 gold pieces
 20488 | Orc:2    | Identified the +12 chain mail "Roucifiga" {rPois Dex+4 Slay+3} (You bought it in a shop on level 2 of the Orcish Mines)
 20681 | Orc:2    | Killed Emanloe's ghost
 20685 | Orc:2    | Found a staircase to the Elven Halls.
 20789 | Orc:2    | Found a roughly hewn altar of Beogh.
 20817 | Orc:2    | Noticed an orc warlord
 20832 | Orc:2    | Killed an orc warlord
 21373 | D:10     | Bought a glowing broad axe for 144 gold pieces
 21395 | D:11     | Gained mutation: Your spells are a little easier to cast, but a little less powerful. [mutagenic glow]
 21442 | D:12     | Gained mutation: You are somewhat resistant to further mutation. [mutagenic glow]
 21536 | D:13     | Reached skill level 14 in Axes
 21660 | D:13     | Noticed Kirke
 21688 | D:13     | Killed Kirke
 21690 | D:13     | Reached XP level 15. HP: 107/112 MP: 23/23
 22033 | D:13     | Noticed Azrael
 22041 | D:13     | Killed Azrael
 22552 | D:14     | Reached skill level 15 in Axes
 22586 | D:14     | Found a gate to the Vaults.
 22651 | D:14     | Found a flagged portal.
 22660 | D:14     | Got a faintly glowing hand axe
 22661 | D:14     | Identified the +5 hand axe "Ogre's Bane" {chop, +Fly rN+ Int+3} (You found it on level 14 of the Dungeon)
 22675 | Bailey   | Entered a bailey
 23391 | D:14     | Found a glowing golden altar of the Shining One.
 23530 | D:14     | Reached skill level 1 in Evocations
 24042 | D:15     | Entered Level 15 of the Dungeon
 24043 | D:15     | Found a stormy altar of Qazlal.
 24226 | D:15     | Noticed Louise
 24236 | D:15     | Cast into level 2 of the Abyss (Louise)
 24287 | Abyss:2  | Found a corrupted altar of Lugonu.
 24361 | Abyss:2  | Noticed a tentacled starspawn
 24373 | Abyss:2  | Killed a tentacled starspawn
 24373 | Abyss:2  | Reached XP level 16. HP: 55/121 MP: 25/25
 24398 | Abyss:2  | Got a brightly glowing shield
 24441 | Abyss:2  | Found a corrupted altar of Lugonu.
 24446 | Abyss:2  | Killed from afar by a starcursed mass

Vault maps used:
D:1:      lemuel_arrival_funnel
D:2:      overflow_temple_1_default
D:3:      uniq_crazy_yiuf_cottage
D:4:      serial_shops, shop_coins, enter_ossuary_4, uniq_sigmund, uniq_natasha,
          uniq_robin
D:5:      lemuel_coloured_pillars_altar, grunt_dithmenos_smoke_and_mirrors,
          first_bread
D:7:      minmay_temple_entry_statues, st_stairs_8
D:8:      yredelemnul_forgotten_temple_becter, trog_three_pillars_becter,
          uniq_joseph
D:9:      old_standard_altar, nicolae_overflow_hidden_temple,
          nicolae_overflow_crystal_walls, dpeg_lair_monsters,
          nrook_guardian_serpent_ordinary
D:10:     kennysheep_six_static_rooms, serial_shops, kennysheep_mini_moat,
          david_nohive_1, minivault_11
D:11:     serial_shops, shop_fountains, shop, shop, basic_altar
D:12:     david_orc_2, led_sif_book
D:13:     minmay_unpleasant_kobolds, uniq_kirke, uniq_azrael
D:14:     hangedman_vaults_entry_quadrant_bands, enter_bailey_2, tso_metal_star
D:15:     grunt_enter_depths_snipers, minmay_misc_feat_square,
          nicolae_lava_and_water, grunt_qazlal_clouds, uniq_louise
Temple:   oiseaux_autumnal_temple_12
Lair:1:   nicolae_volcano_entry_lava_flow
Lair:2:   minmay_shoals_entry_centaurs, dummy_snake_entry, lab_entry_generic,
          uniq_sonja
Orc:1:    basic_altar, nicolae_for_you_no_charge
Orc:2:    st_orc_pillars, basic_altar, nicolae_orc_flooded_monolith,
          mines3_lemuel
Lab:      labyrinth_hidden_loot, nicolae_lab_garden, lab_block,
          nicolae_lab_flowing_pool
Ossuary:  ossuary_minmay_chase
Bailey:   bailey_axe_4, bailey
Volcano:  volcano_overflow

Skill      XL: |  1  2  3  4  5  6  7  8  9 10 11 12 13 14 15 |
---------------+----------------------------------------------+-----
Dodging        | 1 2 3 4 5 6 7 8 9 |  9.2
Armour         | 4 5 6 7 8 |  8.3
Shields        | 4 5 6 7 8 9 10 11 12 13 | 13.2
Slings         | 1 2 3 4 5 6 7 8 |  8.0
Axes           | 3 4 5 6 7 8 10 11 12 14 15 | 15.5
Fighting       | 4 5 6 7 8 9 |  9.7
Invocations    | 1 4 7 8 10 11 12 | 12.2
Evocations     | 1 |  1.0

Action                   |  1- 3 |  4- 6 |  7- 9 | 10-12 | 13-15 | 16-18 || total
-------------------------+-------+-------+-------+-------+-------+-------++-------
Melee: War axe           |   117 |   210 |   396 |   850 |   866 |     5 ||  2444
       Hand axe          |       |       |       |       |   141 |       ||   141
 Fire: Hunting sling     |       |     5 |     2 |   100 |   174 |       ||   281
Invok: Stomp             |       |       |     3 |    11 |    11 |       ||    25
       Line Pass         |       |       |       |     3 |     5 |       ||     8
       Grand Finale      |       |       |       |     2 |     1 |       ||     3
 Abil: Dig               |     1 |     3 |     2 |    15 |    17 |       ||    38
       Evoke Flight      |       |       |       |       |     3 |       ||     3
Evoke: Wand              |       |       |       |     8 |    12 |       ||    20
       Sack of spiders   |       |       |       |     2 |     4 |       ||     6
  Use: Scroll            |       |       |     4 |    14 |    18 |       ||    36
       Potion            |       |       |     1 |     5 |     1 |       ||     7
 Stab: Paralysed         |       |       |     2 |    92 |   156 |       ||   250
       Sleeping          |       |       |       |     4 |     1 |       ||     5
       Confused          |       |       |       |       |     1 |       ||     1
  Eat: Chunk             |     1 |     5 |    14 |    31 |    39 |       ||    90
       Pizza             |       |       |       |       |     1 |       ||     1
Armor: Scale mail        |    45 |    95 |    37 |       |       |       ||   177
       Ring mail         |       |       |    82 |    74 |       |       ||   156
       Robe              |       |       |       |    24 |    10 |       ||    34
       Plate armour      |       |       |       |       |    45 |       ||    45
       Chain mail        |       |       |       |       |   121 |       ||   121
Dodge: Dodged            |    33 |    72 |   151 |   304 |   283 |     3 ||   846
Block: Shield            |    60 |   132 |   238 |   827 |   872 |     1 ||  2130
       Reflection        |       |       |       |    30 |    87 |       ||   117
